 Dungeon Crawl Stone Soup version 0.22.1-2-g9c5b331 (webtiles) character file.

19511 tognito the Severer (level 12, 0/90 HPs)
             Began as a Minotaur Berserker on Jan 1, 2019.
             Was a High Priest of Trog.
             Slain by a two-headed ogre
             ... wielding a cursed -2 giant club
              (17 damage)
             ... on level 12 of the Dungeon.
             The game lasted 00:29:08 (13619 turns).

tognito the Severer (Minotaur Berserker)           Turns: 13619, Time: 00:29:09

Health: 0/90       AC: 16    Str: 25    XL:     12   Next: 37%
Magic:  11/11      EV:  7    Int:  4    God:    Trog [*****.]
Gold:   724        SH:  0    Dex: 12    Spells: 11/11 levels left

rFire    . . .     SeeInvis .   a - +7 executioner's axe (venom)
rCold    . . .     Gourm    .   (shield currently unavailable)
rNeg     . . .     Faith    +   E - +0 plate armour
rPois    .         Spirit   .   (helmet restricted)
rElec    .         Reflect  .   C - +0 cloak
rCorr    .         Harm     .   (no gloves)
MR       .....                  d - +0 pair of boots
Stlth    ..........             y - amulet of faith
HPRegen  0.25/turn              u - +3 ring of protection
MPRegen  0.12/turn              j - ring of flight (curse)

@: no status effects
A: retaliatory headbutt, horns 2
a: Berserk, Trog's Hand, Brothers in Arms, Renounce Religion, Evoke Flight


You were on level 12 of the Dungeon.
You worshipped Trog.
Trog was extremely pleased with you.
You were not hungry.

You visited 1 branch of the dungeon, and saw 12 of its levels.

You collected 724 gold pieces.

Inventory:

Hand Weapons
 a - a +7 executioner's axe of venom (weapon)
 b - a +0 hand crossbow
Missiles
 k - 44 bolts
Armour
 d - a +0 pair of boots (worn)
 C - a +0 cloak (worn)
 E - a +0 plate armour (worn)
Jewellery
 j - a cursed ring of flight (right hand)
 u - a +3 ring of protection (left hand)
 w - an uncursed ring of protection from fire {unknown}
 y - an amulet of faith (around neck)
 L - a cursed -3 ring of intelligence {unknown}
Wands
 q - a wand of disintegration (16)
 s - a wand of paralysis (18)
 t - a wand of acid (13)
 x - a wand of iceblast (7)
 D - a wand of digging (14)
Scrolls
 e - 4 scrolls of immolation {unknown}
 h - 3 scrolls of blinking {unknown}
 i - 12 scrolls of identify {unknown}
 l - a scroll of enchant armour {unknown}
 m - 8 scrolls of teleportation {unknown}
 n - a scroll of random uselessness {unknown}
 o - 2 scrolls of amnesia {unknown}
 p - a scroll of enchant weapon {unknown}
 r - 3 scrolls of remove curse {unknown}
 v - 3 scrolls of fear {unknown}
 F - 2 scrolls of vulnerability {unknown}
 I - a scroll of magic mapping {unknown}
 J - a scroll of summoning {unknown}
Potions
 f - 2 potions of magic
 g - a potion of resistance
 z - 4 potions of curing
 A - a potion of haste
 B - a potion of invisibility
 G - a potion of heal wounds
 K - a potion of agility {unknown}
Comestibles
 c - 21 rations
 H - 11 chunks of flesh


   Skills:
 - Level 3.6 Fighting
 + Level 20.5 Axes
   Level 9.0 Bows
 - Level 2.4 Armour
 - Level 2.1 Dodging


You had 11 spell levels left.
You didn't know any spells.
Your spell library was empty.

Dungeon Overview and Level Annotations

Branches:
Dungeon (12/15)            Temple (0/1) D:4            Lair (0/6) D:11
    Orc (0/2) D:10

Altars:
Fedhas
Gozag
Ru
Beogh

Shops:
D:7 [   D:10 [!*[


Innate Abilities, Weirdness & Mutations

You reflexively headbutt those who attack you in melee.
You have a pair of horns on your head.


Message History

You carefully extract the barbed spikes from your body.
A kobold comes into view.
The two-headed ogre hits you but does no damage.
The two-headed ogre barely misses you. The manticore bites you!
* * * LOW HITPOINT WARNING * * *
The manticore claws you.
* * * LOW HITPOINT WARNING * * *
The manticore claws you but does no damage.
You slice the manticore!!
You kill the manticore!
Trog accepts your kill.
You slash the two-headed ogre!
The two-headed ogre looks as sick as possible!
The two-headed ogre completely misses you.
The two-headed ogre hits you but does no damage.
You slice the two-headed ogre!!
Your headbutt misses the two-headed ogre.
The two-headed ogre is almost dead.
The two-headed ogre hits you with a giant club!
You die...

#...# #...# #.#
#...# #..
#########...###.#
#.............#(#
#.###########.#.#
#.#+#####.###.#(#
#.............#.#
#........######@##
#..รท>..........O.#
#.........#.#....#
#.........#.#....#
#.........#.#....#
#.........#.#...K#
#.........#.#....'
#.#.......#.#....'
#.#.....#.........


You could see a two-headed ogre and a kobold.

Vanquished Creatures
  Erica (D:9)
  A queen ant (D:8)
  2 unseen horrors (D:11)
  The ghost of Bwemp the Fighter, a novice DsGl (D:5)
  The ghost of bmj180 the Cleaver, a novice MiFi (D:5)
  4 centaur zombies
  A manticore (D:12)
  The ghost of bananaglory the Cleaver, a novice HOFi (D:4)
  A gargoyle (D:11)
  The ghost of WarriorsX the Chiller, a novice DrIE of Nemelex Xobeh (D:5)
  A komodo dragon (D:11)
  The ghost of RoboWizard the Skirmisher, an amateur DrBe of Trog (D:4)
  3 trolls
  4 hippogriffs
  The ghost of Baril the Conjurer, an amateur DECj of Vehumet (D:5)
  3 wyverns
  10 yaks
  A human (D:8)
  4 hogs (D:8)
  A wraith (D:12)
  A hungry ghost (D:11)
  Menkaure (D:4)
  7 soldier ants (D:8)
  Duvessa (D:5)
  12 orc warriors
  6 sky beasts
  9 ice beasts
  A black bear (D:9)
  11 ogres
  2 phantoms
  4 centaurs
  A crocodile (D:11)
  A big kobold (D:10)
  9 bullfrogs
  6 scorpions
  Dowan (D:5)
  5 killer bees (D:11)
  6 howler monkeys
  5 crimson imps
  A bullfrog zombie (D:8)
  A jelly (D:4)
  11 orc priests
  7 hounds
  14 orc wizards
  2 iguanas
  A bullfrog skeleton (D:11)
  35 worker ants
  A howler monkey zombie (D:5)
  4 worker ant zombies
  6 gnolls
  10 adders
  3 shadow imps
  5 adder skeletons
  2 adder zombies
  2 worms (D:2)
  3 dart slugs
  6 leopard geckos
  83 orcs
  2 ball pythons
  6 bats
  4 giant cockroaches
  4 hobgoblins
  12 jackals
  8 kobolds
  5 quokkas
  5 frilled lizards
  3 goblins
  A quokka skeleton (D:5)
  5 rats
  6 plants (D:11)
390 creatures vanquished.

Vanquished Creatures (others)
  3 withered plants
3 creatures vanquished.

Grand Total: 393 creatures vanquished

Notes
Turn   | Place    | Note
-------+----------+-------------------------------------------
     0 | D:1      | tognito the Minotaur Berserker began the quest for the Orb.
     0 | D:1      | Reached XP level 1. HP: 19/19 MP: 0/0
    57 | D:1      | Reached skill level 4 in Axes
    99 | D:1      | Reached XP level 2. HP: 17/26 MP: 1/1
   455 | D:1      | Reached skill level 5 in Axes
   757 | D:2      | Reached XP level 3. HP: 3/31 MP: 2/2
  1266 | D:2      | Reached skill level 6 in Axes
  1266 | D:2      | Reached XP level 4. HP: 39/39 MP: 3/3
  1366 | D:2      | Reached ** piety under Trog
  2183 | D:3      | Reached skill level 7 in Axes
  2183 | D:3      | Reached XP level 5. HP: 22/45 MP: 4/4
  3014 | D:4      | Noticed an ogre
  3016 | D:4      | Noticed an ice beast
  3025 | D:4      | Killed an ice beast
  3025 | D:4      | Reached skill level 8 in Axes
  3025 | D:4      | Reached XP level 6. HP: 48/51 MP: 5/5
  3119 | D:4      | Reached skill level 9 in Axes
  3416 | D:4      | Reached XP level 7. HP: 44/57 MP: 6/6
  3419 | D:4      | Reached skill level 10 in Axes
  3749 | D:4      | Noticed Menkaure
  3757 | D:4      | Killed Menkaure
  3759 | D:4      | Found a staircase to the Ecumenical Temple.
  3847 | D:4      | Found a runed gate.
  3848 | D:4      | Found a runed gate.
  3849 | D:4      | Found a runed gate.
  3850 | D:4      | Noticed bananaglory's ghost (novice HOFi)
  3853 | D:4      | Reached skill level 11 in Axes
  3859 | D:4      | Noticed RoboWizard's ghost (amateur DrBe)
  4031 | D:4      | Killed bananaglory's ghost
  4031 | D:4      | Reached *** piety under Trog
  4031 | D:4      | Reached skill level 12 in Axes
  4031 | D:4      | Reached XP level 8. HP: 64/64 MP: 0/7
  4041 | D:4      | Killed RoboWizard's ghost
  4326 | D:5      | Entered Level 5 of the Dungeon
  4508 | D:5      | Reached skill level 13 in Axes
  4837 | D:5      | Noticed Dowan
  4838 | D:5      | Noticed Duvessa
  4847 | D:5      | Killed Dowan
  4850 | D:5      | Killed Duvessa
  4850 | D:5      | Reached XP level 9. HP: 70/70 MP: 8/8
  4853 | D:5      | Reached skill level 14 in Axes
  4990 | D:5      | Found a runed gate.
  4990 | D:5      | Found a runed gate.
  4990 | D:5      | Noticed bmj180's ghost (novice MiFi)
  4991 | D:5      | Found a runed gate.
  4992 | D:5      | Noticed Bwemp's ghost (novice DsGl)
  4994 | D:5      | Noticed WarriorsX's ghost (novice DrIE)
  4995 | D:5      | Noticed Baril's ghost (amateur DECj)
  5502 | D:5      | Reached skill level 1 in Bows
  5811 | D:5      | Killed Baril's ghost
  5811 | D:5      | Received a gift from Trog
  5815 | D:5      | Killed bmj180's ghost
  5815 | D:5      | Reached skill level 15 in Axes
  5818 | D:5      | Killed WarriorsX's ghost
  5819 | D:5      | Killed Bwemp's ghost
  5909 | D:6      | Reached skill level 16 in Axes
  5909 | D:6      | Reached XP level 10. HP: 37/77 MP: 9/9
  5911 | D:6      | Reached **** piety under Trog
  6220 | D:6      | Found a blossoming altar of Fedhas.
  7005 | D:7      | Found Qergh's Armour Shop.
  7347 | D:7      | Found an opulent altar of Gozag.
  7799 | D:8      | Found a sacrificial altar of Ru.
  7832 | D:8      | Reached skill level 5 in Bows
  8617 | D:8      | Noticed a queen ant
  8619 | D:8      | Received a gift from Trog
  8634 | D:8      | Killed a queen ant
  8634 | D:8      | Reached skill level 17 in Axes
  9012 | D:8      | Reached XP level 11. HP: 78/82 MP: 10/10
 10141 | D:9      | Received a gift from Trog
 10355 | D:9      | Noticed Erica
 10359 | D:9      | Killed Erica
 10359 | D:9      | Reached skill level 18 in Axes
 10576 | D:9      | Reached ***** piety under Trog
 10720 | D:10     | Entered Level 10 of the Dungeon
 10728 | D:10     | Found a roughly hewn altar of Beogh.
 10734 | D:10     | Received a gift from Trog
 10760 | D:10     | Found Fumivvi's Distillery.
 11217 | D:10     | Found Foavy's Assorted Antiques.
 11255 | D:10     | Found Ruor Bemp's Armour Shoppe.
 11320 | D:10     | Found a staircase to the Orcish Mines.
 11689 | D:10     | Found Soiziux's Antique Armour Shoppe.
 11814 | D:11     | Found a staircase to the Lair.
 11826 | D:11     | Reached skill level 19 in Axes
 11852 | D:11     | Killed an unseen horror
 12039 | D:11     | Received a gift from Trog
 12408 | D:11     | Reached XP level 12. HP: 90/90 MP: 11/11
 13050 | D:11     | Reached skill level 20 in Axes
 13610 | D:12     | Noticed a two-headed ogre
 13619 | D:12     | Slain by a two-headed ogre

Skill      XL: |  1  2  3  4  5  6  7  8  9 10 11 12 |
---------------+-------------------------------------+-----
Axes           | 4 5 6 7 8 9 12 13 16 17 19 20 | 20.5
Bows           | 3 7 9 |  9.0
Fighting       | |  3.6
Armour         | |  2.4
Dodging        | |  2.1

Action                   |  1- 3 |  4- 6 |  7- 9 | 10-12 || total
-------------------------+-------+-------+-------+-------++-------
Melee: Hand axe          |    51 |    89 |   167 |       ||   307
       Headbutt          |     6 |    16 |    46 |   106 ||   174
       War axe           |       |       |    26 |    94 ||   120
       Battleaxe         |       |       |       |   368 ||   368
       Executioner's axe |       |       |       |    87 ||    87
 Fire: Shortbow          |       |       |    11 |   120 ||   131
       Hand crossbow     |       |       |       |    71 ||    71
Invok: Berserk           |       |     2 |     3 |     1 ||     6
       Trog's Hand       |       |       |       |     1 ||     1
  Use: Potion            |     4 |     1 |     3 |     2 ||    10
 Stab: Sleeping          |     1 |       |       |       ||     1
       Invisible         |     1 |       |       |       ||     1
  Eat: Chunk             |     1 |     6 |    12 |    28 ||    47
Armor: Animal skin       |     9 |       |       |       ||     9
       Ring mail         |       |    25 |    34 |       ||    59
       Chain mail        |       |       |    15 |    97 ||   112
       Plate armour      |       |       |       |   258 ||   258
Dodge: Dodged            |    40 |    46 |    67 |   197 ||   350
